 Dungeon Crawl Stone Soup version 0.19.1 (webtiles) character file.

24 Angani the Cudgeler (level 2, -4/27 HPs)
             Began as a Minotaur Chaos Knight on Dec 27, 2016.
             Slain by Sigmund
             ... wielding a +0 scythe
              (10 damage)
             ... on level 2 of the Dungeon.
             The game lasted 00:01:03 (759 turns).

Angani the Cudgeler (Minotaur Chaos Knight)          Turns: 759, Time: 00:01:04

Health: -4/27      AC:  3    Str: 16    XL:     2   Next: 79%
Magic:  1/1        EV: 11    Int: 14    God:    Xom [..*...]
Gold:   51         SH:  0    Dex:  9    Spells: 0 memorised, 1 level left

rFire  . . .     SeeInvis .     a - +0 mace (chaos)
rCold  . . .     Gourm    .     b - +2 leather armour
rNeg   . . .     Faith    .     (no shield)
rPois  .         Spirit   .     (helmet restricted)
rElec  .         Reflect  .     (no cloak)
rCorr  .         Harm     .     (no gloves)
MR     .....                    (no boots)
Stlth  ++........               (no amulet)
                                (no ring)
                                (no ring)

@: brilliant
A: retaliatory headbutt, horns 2, camouflage 1, deformed body, evolution 1
a: Renounce Religion


You were on level 2 of the Dungeon.
You worshipped Xom.
You were a toy of Xom.
You were not hungry.

You visited 1 branch of the dungeon, and saw 2 of its levels.

You collected 51 gold pieces.

Inventory:

Hand Weapons
 a - a +0 mace of chaos (weapon)
Armour
 b - a +2 leather armour (worn)
Scrolls
 e - a scroll of recharging {unknown}
 f - a scroll of identify {unknown}
 h - a scroll of magic mapping {unknown}
 j - a scroll of remove curse {unknown}
Comestibles
 c - 2 bread rations
 g - a meat ration
 k - a chunk of flesh


   Skills:
 + Level 4.0 Fighting
 + Level 4.1 Maces & Flails
 + Level 2.8 Armour
 + Level 1.7 Dodging


You had one spell level left.
You didn't know any spells.

Dungeon Overview and Level Annotations

Branches:
Dungeon (2/15)

Altars:

Annotations:
D:2 Sigmund


Innate Abilities, Weirdness & Mutations

You reflexively headbutt those who attack you in melee.
You have a pair of horns on your head.
Your skin changes colour to match your surroundings (Stealth+).
Armour fits poorly on your strangely shaped body.
You evolve.


Message History

You hit Sigmund.
Sigmund is poisoned.
Sigmund is lightly wounded.
Sigmund closely misses you.
You hit Sigmund. You burn Sigmund.
Sigmund is moderately wounded.
You closely miss Sigmund.
Sigmund is heavily wounded.
Sigmund closely misses you.
You barely miss Sigmund.
Sigmund is heavily wounded.
Sigmund closely misses you.
You hit Sigmund. Your headbutt misses Sigmund.
Sigmund is severely wounded.
Sigmund hits you with a scythe!
* * * LOW HITPOINT WARNING * * *
You hit Sigmund but do no damage.
Sigmund looks as sick as possible!
Sigmund is severely wounded.
Sigmund hits you with a scythe!
You die...
Xom bursts into laughter!

#. .#.#
##.###.#<
#.......
#.#......
#.#.....
.####.#....
....#.#..@######
.........@.....#
.....(.......#.#
.....#.....#.#
.......<...# #
.%..##.#.### ...
.......
..##...### ...
##..# ## #..#


You could see Sigmund.

Vanquished Creatures
  A dart slug (D:1)
  3 bats
  2 giant cockroaches (D:1)
  2 goblins (D:1)
  4 hobgoblins (D:1)
  3 kobolds (D:1)
  A ball python (D:1)
  2 frilled lizards (D:1)
  3 rats (D:1)
21 creatures vanquished.

Notes
Turn   | Place    | Note
-------+----------+-------------------------------------------
     0 | D:1      | Angani the Minotaur Chaos Knight began the quest for the Orb.
     0 | D:1      | Reached XP level 1. HP: 19/19 MP: 0/0
    64 | D:1      | XOM: silly message
    91 | D:1      | Reached XP level 2. HP: 27/27 MP: 1/1
   384 | D:1      | XOM: divination: magic mapping
   455 | D:1      | XOM: cast spell 'Summon Small Mammal'
   545 | D:1      | XOM: silly message
   747 | D:2      | Noticed Sigmund
   752 | D:2      | Gained mutation: Your skin changes colour to match your surroundings (Stealth+). [potion of mutation]
   752 | D:2      | Gained mutation: Armour fits poorly on your strangely shaped body. [potion of mutation]
   752 | D:2      | Gained mutation: You evolve. [potion of mutation]
   753 | D:2      | XOM: potion effect (brilliance)
   759 | D:2      | Slain by Sigmund

Skill      XL: |  1  2 |
---------------+-------+-----
Maces & Flails | 4 |  4.1
Fighting       | 4 |  4.0
Armour         | |  2.8
Dodging        | |  1.7

Action                   || total
-------------------------++-------
Melee: Mace              ||    39
       Headbutt          ||     8
  Use: Potion            ||     2
Armor: Leather armour    ||    11
Dodge: Dodged            ||    19
